[Event "Late-Titled-Tuesday-Blitz-August-29-2023"]
[Site "Chess.com"]
[Date "2023.08.29"]
[Round "5"]
[White "Fan_Of_Chucky"]
[Black "giomar27"]
[Result "1-0"]
[WhiteElo "2517"]
[BlackElo "2271"]
[TimeControl "180+1"]
[EndTime "14:49:57 PDT"]
[Termination "Fan_Of_Chucky won by resignation"]

1. d4 Nf6 2. c4 c5 3. d5 b5 4.
cxb5 a6 5. e3 g6 6. Nc3 Bg7 7.
a4 O-O 8. e4 Bb7 9. Nf3 e6 10.
Bc4 exd5 11. exd5 Re8+ 12. Be3 d6 13. O-O Nbd7 14. Bf4 Nb6 15. b3 Nh5 16. Bd2 Nf6 17. Bg5 h6 18. Bxf6 Qxf6 19. Rc1 g5 20. h3 Re4 21.
Nxe4 1-0

[Event "Late-Titled-Tuesday-Blitz-August-29-2023"]
[Site "Chess.com"]
[Date "2023.08.29"]
[Round "5"]
[White "Lion_DL"]
[Black "Dzidzik2203"]
[Result "1/2-1/2"]
[WhiteElo "2499"]
[BlackElo "2350"]
[TimeControl "180+1"]
[EndTime "14:50:51 PDT"]
[Termination "Game drawn by agreement"]

1. d4 Nf6 2. c4 g6 3. h4 c5 4. d5 b5 5. cxb5 a6 6. e3 axb5 7. Bxb5 Bg7 8. Nc3 O-O 9. Nf3 Ba6 10. O-O d6 11. a4 Bxb5 12. Nxb5 Na6 13. Re1 Ne4 14. Nd2 Nxd2 15. Qxd2 Nc7 16. Nxc7 Qxc7 17. Ra3 Rfb8 18. b3 h5 19. Bb2 Bxb2 20. Qxb2 c4 21. Qc3 Qc5 22. bxc4 Rb4 23. Rc1 Raxa4 24. Rxa4 Rxa4 25.
Qd4 Qb4 26. c5 dxc5 27. Qxc5 Qxc5 28. Rxc5 Rxh4 29. f4 Rg4 30. Kf2 g5 1/2-1/2

[Event "Late-Titled-Tuesday-Blitz-August-29-2023"]
[Site "Chess.com"]
[Date "2023.08.29"]
[Round "5"]
[White "alturas_pacificas"]
[Black "Joshukid"]
[Result "1-0"]
[WhiteElo "2427"]
[BlackElo "2521"]
[TimeControl "180+1"]
[EndTime "14:51:13 PDT"]
[Termination "alturas_pacificas won by resignation"]

1. d4 Nf6 2. Bf4 d5 3. e3 e6 4. Nd2 Be7 5. Bd3 O-O 6. Ngf3 b6 7.
Ne5 Bb7 8. Qf3 Nbd7 9. g4 Nxe5 10.
Bxe5 Nd7 11. Bg3 c5 12. c3 c4 13. Bc2 b5 14. h4 b4 15. Nxc4 bxc3 16. bxc3 Qc8 17. Nd2 Qxc3 18. Rc1 Ba3 19. Bxh7+ Kxh7 20. Rxc3 Bb4 21. Rc7 Bc8 22. Qd1 Nb6 23. Qb1+ 1-0

[Event "Late-Titled-Tuesday-Blitz-August-29-2023"]
[Site "Chess.com"]
[Date "2023.08.29"]
[Round "5"]
[White "betta2004"]
[Black "sorch29"]
[Result "1-0"]
[WhiteElo "2564"]
[BlackElo "2407"]
[TimeControl "180+1"]
[EndTime "14:51:32 PDT"]
[Termination "betta2004 won by resignation"]

1. d4 Nf6 2. Nc3 g6 3. e4 d6 4.
Bf4 a6 5. Qd2 b5 6. e5 Nfd7 7. Nf3 Bb7 8. e6 fxe6 9. Ng5 Bd5 10. Nxd5 exd5 11. Bd3 Nf6 12. Qe2 Qd7 13. Ne6 Nc6 14. c3 Nd8 15. Nxd8 Rxd8 16. a4 c6 17. axb5 axb5 18. Ra6 Kf7 19. O-O Bg7 20. Re1 Ra8 21. Rxc6 Qxc6 22. Qxe7+ Kg8 23. Qe6+ Kf8 24. Bxd6+ 1-0

[Event "Late-Titled-Tuesday-Blitz-August-29-2023"]
[Site "Chess.com"]
[Date "2023.08.29"]
[Round "5"]
[White "b_6"]
[Black "lamomiajunior"]
[Result "1-0"]
[WhiteElo "2491"]
[BlackElo "2744"]
[TimeControl "180+1"]
[EndTime "14:51:38 PDT"]
[Termination "b_6 won by resignation"]

1. Nf3 d5 2. g3 Nf6 3. Bg2 c6 4. c4 dxc4 5. O-O Nbd7 6. Na3 Nb6 7. Qc2 Be6 8. Ng5 Bg4 9. Nxc4 Bxe2 10. Ne5 Bh5 11.
Re1 Rc8 12. Qb3 e6 13. Ngxf7 Bxf7 14. Nxf7 Kxf7 15. Qxe6+ Kg6 16. d3 Qxd3 17. Be4+ Qxe4 18.
Rxe4 Re8 19. Rg4+ 1-0

[Event "Late-Titled-Tuesday-Blitz-August-29-2023"]
[Site "Chess.com"]
[Date "2023.08.29"]
[Round "5"]
[White "Elshan1985"]
[Black "dorpato"]
[Result "1-0"]
[WhiteElo "2787"]
[BlackElo "2012"]
[TimeControl "180+1"]
[EndTime "14:51:38 PDT"]
[Termination "Elshan1985 won by checkmate"]

1. Nf3 c5 2. e4 d6 3. Bb5+ Bd7 4. c4 Bxb5 5. cxb5 Qd7 6. Qe2 Nf6 7.
O-O g6 8. d4 cxd4 9. Nxd4 Bg7 10.
Rd1 O-O 11. Nc3 a6 12. Bg5 axb5 13. Ndxb5 Nc6 14. Rac1 Rfc8 15. h3 Ne5 16. f4 Nc4 17. e5 Ne8 18. b3 Na5 19. Nd5 f6 20. Nb6 Qd8 21. Nxc8 fxg5 22. exd6 Nxd6 23. Nxe7+ Kh8 24. Nxd6 Qb6+ 25. Kh1 Rf8 26. Rc8 h5 27. Nxg6+ Kh7 28. Qxh5+ Bh6 29. Nxf8+ Kg7 30. Qf7+ Kh8 31. Qh7# 1-0

[Event "Late-Titled-Tuesday-Blitz-August-29-2023"]
[Site "Chess.com"]
[Date "2023.08.29"]
[Round "5"]
[White "ajgreen"]
[Black "Veleamater"]
[Result "1-0"]
[WhiteElo "2420"]
[BlackElo "2288"]
[TimeControl "180+1"]
[EndTime "14:51:39 PDT"]
[Termination "ajgreen won by resignation"]

1. e4 d6 2. d4 g6 3. Nc3 Bg7 4. Be3 Nf6 5. f3 O-O 6. Qd2 Nc6 7. O-O-O h5 8. Bh6 Kh7 9. Bxg7 Kxg7 10. Nge2 a6 11.
g3 b5 12. a3 Rh8 13. Bg2 e5 14. h4 Rb8 15. Nd5 exd4 16. Nxd4 Ne5 17. f4 Nc4 18. Qc3 c5 19. Nc6 b4 20. Qxc4 Nxd5 21. Nxd8 bxa3 22. Nc6 axb2+ 23. Kb1 Nb6 24. Qc3+ f6 25. Nxb8 Be6 26. Rxd6 Rxb8 27. Rxe6 1-0

[Event "Late-Titled-Tuesday-Blitz-August-29-2023"]
[Site "Chess.com"]
[Date "2023.08.29"]
[Round "5"]
[White "Akhayan"]
[Black "Kleyton_Lima"]
[Result "0-1"]
[WhiteElo "2298"]
[BlackElo "2524"]
[TimeControl "180+1"]
[EndTime "14:51:40 PDT"]
[Termination "Kleyton_Lima won by resignation"]

1. e4 c5 2. Nf3 d6 3. d4 cxd4 4.
Nxd4 Nf6 5. Nc3 a6 6. Bc4 e6 7.
Bb3 Nc6 8. Be3 Be7 9. Qe2 O-O 10. O-O-O Nxd4 11. Bxd4 b5 12. g4 Bb7 13. g5 Nd7 14.
Rhg1 b4 15. Nd5 exd5 16. exd5 Bxg5+ 17. Kb1 Bf6 18. Rg4 Bxd4 19. Rdxd4 Re8 20. Qd2 Qe7 21. Rde4 Qxe4 22. Rxe4 Rxe4 23. f3 Re7 24. Qg5 Re1+ 0-1

[Event "Late-Titled-Tuesday-Blitz-August-29-2023"]
[Site "Chess.com"]
[Date "2023.08.29"]
[Round "5"]
[White "stasOR4ik"]
[Black "DeTimmerman"]
[Result "1-0"]
[WhiteElo "2476"]
[BlackElo "2674"]
[TimeControl "180+1"]
[EndTime "14:51:45 PDT"]
[Termination "stasOR4ik won by checkmate"]

1. c4 e6 2. Nc3 Nf6 3. e4 e5 4. g3 Bb4 5. Bg2 Bxc3 6. dxc3 O-O 7. Qe2 d6 8. Nf3 b6 9. Nd2 Bb7 10. Nf1 Nbd7 11. f3 a5 12. Ne3 Nc5 13. O-O a4 14.
Nd5 Nxd5 15. exd5 f5 16. Be3 Ba6 17. f4 e4 18. Bd4 Nd3 19. b3 axb3 20. axb3 Nc5 21.
Qc2 Nd3 22. g4 Qh4 23. gxf5 Nxf4 24. Qxe4 Nxg2 25. Qxg2 b5 26. Qxg7# 1-0

[Event "Late-Titled-Tuesday-Blitz-August-29-2023"]
[Site "Chess.com"]
[Date "2023.08.29"]
[Round "5"]
[White "rikchessmx"]
[Black "EstudiandoAjedrezRD"]
[Result "1-0"]
[WhiteElo "2433"]
[BlackElo "2218"]
[TimeControl "180+1"]
[EndTime "14:51:47 PDT"]
[Termination "rikchessmx won by checkmate"]

1. e4 d6 2. d4 Nf6 3. Nc3 e5 4. f3 Nc6 5. Nge2 Be7 6. Be3 O-O 7. d5 Nb8 8. g4 Nfd7 9. Qd2 h6 10. O-O-O Bg5 11.
Kb1 Bxe3 12. Qxe3 Qg5 13. Qf2 Qe7 14. Ng3 Nf6 15. h4 Nh7 16. Bd3 f6 17. Rdg1 a6 18. Nf5 Bxf5 19. gxf5 Nd7 20. Rg6 Kh8 21. Rhg1 Rg8 22.
Ne2 Ndf8 23. R6g2 Nd7 24. Ng3 g5 25. fxg6 Rxg6 26. Nf5 Rxg2 27. Rxg2 Qe8 28. Qg3 Qf7 29.
Nxh6 Qe7 30. Qg8+ Rxg8 31. Rxg8# 1-0

[Event "Late-Titled-Tuesday-Blitz-August-29-2023"]
[Site "Chess.com"]
[Date "2023.08.29"]
[Round "5"]
[White "misterlamine"]
[Black "nassimzrikem"]
[Result "0-1"]
[WhiteElo "2354"]
[BlackElo "2159"]
[TimeControl "180+1"]
[EndTime "14:52:01 PDT"]
[Termination "nassimzrikem won by resignation"]

1. d4 Nf6 2. c4 e6 3. Nf3 d5 4. Nc3 c5 5. cxd5 Nxd5 6. e4 Nxc3 7. bxc3 cxd4 8. cxd4 Bb4+ 9. Bd2 Bxd2+ 10. Qxd2 O-O 11. Bc4 b6 12. O-O Bb7 13. Rfe1 Nd7 14. Rad1 Rc8 15. Bb3 Nf6 16. Qf4 Qc7 17. Qh4 Rfd8 18. d5 exd5 19.
e5 Ne4 20. Nd4 Qxe5 21. f3 Qf6 22. Qg4 Nc3 23. Rd3 Ba6 24. Rde3 h5 25. Qxh5 Qxd4 26. Bc2 Ne2+ 27. Rxe2 Rxc2 0-1

[Event "Late-Titled-Tuesday-Blitz-August-29-2023"]
[Site "Chess.com"]
[Date "2023.08.29"]
[Round "5"]
[White "ritanovikova"]
[Black "KorolDimitriy75"]
[Result "1-0"]
[WhiteElo "2165"]
[BlackElo "2352"]
[TimeControl "180+1"]
[EndTime "14:52:06 PDT"]
[Termination "ritanovikova won on time"]

1. d4 Nf6 2. Bf4 c5 3. c3 Qb6 4. Qb3 cxd4 5. Qxb6 axb6 6. cxd4 Nc6 7. Nf3 Nb4 8. Kd2 Ne4+ 9. Ke3 f5 10. Ne1 Nd5+ 11.
Kf3 1-0

[Event "Late-Titled-Tuesday-Blitz-August-29-2023"]
[Site "Chess.com"]
[Date "2023.08.29"]
[Round "5"]
[White "simplerXiao"]
[Black "SchmakAttack"]
[Result "0-1"]
[WhiteElo "2520"]
[BlackElo "2783"]
[TimeControl "180+1"]
[EndTime "14:52:20 PDT"]
[Termination "SchmakAttack won by resignation"]

1. e4 e5 2. Bc4 Nf6 3. Nc3 Bc5 4. d3 c6 5. f4 d5 6. exd5 Nxd5 7. Nxd5 cxd5 8.
Bb5+ Nc6 9. fxe5 Qa5+ 10. Bd2 Qxb5 11. a4 Qxb2 12. Nf3 Bg4 13. Rb1 Bxf3 14. Rxb2 Bxd1 15. Kxd1 O-O-O 16. Rf1 Nxe5 17. a5 Rhe8 18. Rb5 b6 19. axb6 axb6 20. c3 d4 21. Kc2 dxc3 22. Bxc3 Nxd3 23.
Rxf7 Re2+ 24. Kb1 Rxg2 25. Bxg7 Rd7 26. Rxd7 Kxd7 27. Bf6 Rxh2 28. Rb3 Rh3 29. Rc3 Ke6 30. Bd8 Kd5 31. Rc2 Rh1+ 32. Ka2 Nb4+ 33. Kb3 Nxc2 34. Bxb6 Bxb6 35. Kxc2 Rh3 0-1

[Event "Late-Titled-Tuesday-Blitz-August-29-2023"]
[Site "Chess.com"]
[Date "2023.08.29"]
[Round "5"]
[White "geordie_derraugh"]
[Black "Rgoltsman"]
[Result "1-0"]
[WhiteElo "2414"]
[BlackElo "2269"]
[TimeControl "180+1"]
[EndTime "14:52:22 PDT"]
[Termination "geordie_derraugh won by resignation"]

1. e4 g6 2. c3 Bg7 3. d4 c5 4.
Nf3 cxd4 5. cxd4 d5 6. exd5 Nf6 7. Bb5+ Nbd7 8. Nc3 O-O 9. O-O Nb6 10. Bg5 a6 11.
Bd3 Nbxd5 12. Re1 b5 13. Nxd5 Nxd5 14. Be4 Bb7 15. Bxd5 Bxd5 16. Bxe7 Bxf3 17. Qxf3 Qxd4 18. Bxf8 Rxf8 19. Rab1 Qc4 20. a3 Bd4 21. h4 Qc5 22.
h5 Qg5 23. Re4 Bxb2 24. Rg4 Qc5 25. hxg6 fxg6 26. Qb3+ 1-0

[Event "Late-Titled-Tuesday-Blitz-August-29-2023"]
[Site "Chess.com"]
[Date "2023.08.29"]
[Round "5"]
[White "zeitnot2006"]
[Black "Chessdemon2019"]
[Result "1-0"]
[WhiteElo "2753"]
[BlackElo "2395"]
[TimeControl "180+1"]
[EndTime "14:52:26 PDT"]
[Termination "zeitnot2006 won by resignation"]

1. e4 e5 2. d4 exd4 3. Qxd4 Nc6 4. Qe3 d6 5. c4 Nf6 6. Nc3 Be7 7. Bd2 O-O 8.
O-O-O Ng4 9. Qe1 f5 10. h3 Nf6 11. exf5 Bxf5 12. g4 Bg6 13. f4 Nd7 14. f5 Bf7 15.
Nf3 Nde5 16. Nxe5 Nxe5 17. Qe4 Bg5 18. b3 Rb8 19. Bg2 Re8 20. Qc2 Nc6 21. Bxg5 Qxg5+ 22. Qd2 Qxd2+ 23. Kxd2 Re5 24. Rhe1 Rbe8 25. Nb5 R8e7 26.
Rxe5 Nxe5 27. Nxa7 c6 28. Nc8 d5 29. Nxe7+ Kf8 30. Re1 1-0

[Event "Late-Titled-Tuesday-Blitz-August-29-2023"]
[Site "Chess.com"]
[Date "2023.08.29"]
[Round "5"]
[White "rdarruda"]
[Black "XDPS"]
[Result "0-1"]
[WhiteElo "2575"]
[BlackElo "2875"]
[TimeControl "180+1"]
[EndTime "14:52:28 PDT"]
[Termination "XDPS won by resignation"]

1. d4 d5 2. Nf3 Nf6 3. c4 c6 4. Nc3 e6 5. e3 Nbd7 6. Bd3 Be7 7.
O-O O-O 8. e4 dxe4 9. Nxe4 c5 10. dxc5 Nxc5 11. Nxc5 Bxc5 12. Bg5 b6 13. Qe2 Bb7 14.
Rad1 Qe7 15. Ne5 h6 16. Bh4 Rfd8 17. Ng4 Bd4 18. Rfe1 Kf8 19. Bb1 g5 20. Bg3 Nxg4 21.
Qxg4 Bxb2 22. h4 Kg7 23. Be4 Bxe4 24. Qxe4 Bf6 25. hxg5 hxg5 26. Be5 Rxd1 27. Rxd1 Rd8 28. Re1 Bxe5 29. Qxe5+ Qf6 30. Qc7 Rd2 31. Rf1 Rxa2 32. f4 Qd4+ 33. Kh1 Qe4 34. Rf3 Rxg2 35. Kxg2 g4 0-1

[Event "Late-Titled-Tuesday-Blitz-August-29-2023"]
[Site "Chess.com"]
[Date "2023.08.29"]
[Round "5"]
[White "SRob2003"]
[Black "Durarbayli"]
[Result "1-0"]
[WhiteElo "2656"]
[BlackElo "2893"]
[TimeControl "180+1"]
[EndTime "14:52:30 PDT"]
[Termination "SRob2003 won by resignation"]

1. c4 c5 2. g3 Nf6 3. Bg2 Nc6 4. Nc3 g6 5. Nf3 Bg7 6. d4 cxd4 7. Nxd4 O-O 8. O-O Qa5 9. Nb3 Qh5 10. c5 d6 11.
cxd6 Bh3 12. e4 Bxg2 13. Qxh5 Nxh5 14. dxe7 Bxf1 15.
exf8=Q+ Rxf8 16. Kxf1 Nb4 17. Bd2 Nd3 18. Rb1 Nf6 19.
Ke2 Rd8 20. Bg5 h6 21. Bxf6 Bxf6 22. Nd5 Rxd5 23. exd5 Nb4 24. d6 Kf8 25. Nc5 Ke8 26.
a3 Nc6 27. Nxb7 Kd7 28. Nc5+ Kxd6 29.
Ne4+ Ke5 30. Nxf6 Kxf6 31. Rd1 Ke6 32. b4 Ne5 33. Rd4 a6 34. a4 f5 35. b5 a5 36. b6 Nc6 37. Rc4 Kd6 38. b7 1-0

[Event "Late-Titled-Tuesday-Blitz-August-29-2023"]
[Site "Chess.com"]
[Date "2023.08.29"]
[Round "5"]
[White "ozates"]
[Black "Laico"]
[Result "1-0"]
[WhiteElo "2567"]
[BlackElo "2425"]
[TimeControl "180+1"]
[EndTime "14:52:40 PDT"]
[Termination "ozates won on time"]

1. e4 e6 2. d4 d5 3. Nc3 Nf6 4. e5 Nfd7 5. f4 c5 6. Nf3 Nc6 7. Be3 cxd4 8. Nxd4 Bc5 9. Qd2 O-O 10. Be2 a6 11.
O-O-O Nxd4 12. Bxd4 b5 13. f5 Bxd4 14. Qxd4 Qc7 15.
fxe6 fxe6 16. Nxd5 Qxe5 17. Ne7+ Kh8 18. Bf3 Qxd4 19.
Rxd4 Ra7 20. Rhd1 1-0

[Event "Late-Titled-Tuesday-Blitz-August-29-2023"]
[Site "Chess.com"]
[Date "2023.08.29"]
[Round "5"]
[White "Fleetw00dMac"]
[Black "kleinebeer98"]
[Result "0-1"]
[WhiteElo "2476"]
[BlackElo "2762"]
[TimeControl "180+1"]
[EndTime "14:52:41 PDT"]
[Termination "kleinebeer98 won by resignation"]

1. d4 Nf6 2. c4 a6 3. Nc3 b5 4. cxb5 axb5 5. Nxb5 e5 6. dxe5 Ne4 7. Nc3 Bb4 8. Qc2 d5 9. e3 Bf5 10. Bd3 Nd7 11. Kf1 Bxc3 12. bxc3 Ndc5 13. Bb5+ Kf8 14.
Qd1 Qh4 15. g3 Qe7 16. Bc6 Rd8 17. Qd4 h5 18. Ba3 h4 19. f3 hxg3 20. fxe4 Bxe4 21. Bxc5 g2+ 22. Kf2 gxh1=Q 23. Bxe7+ Kxe7 24. Qc5+ Ke6 0-1

[Event "Late-Titled-Tuesday-Blitz-August-29-2023"]
[Site "Chess.com"]
[Date "2023.08.29"]
[Round "5"]
[White "Alphafischer2019"]
[Black "Cluke86"]
[Result "1-0"]
[WhiteElo "2520"]
[BlackElo "2279"]
[TimeControl "180+1"]
[EndTime "14:52:43 PDT"]
[Termination "Alphafischer2019 won by resignation"]

1. d4 Nf6 2. Bf4 d5 3. e3 e6 4. Nf3 Bd6 5. Nc3 O-O 6. Bd3 c5 7.
dxc5 Bxc5 8. O-O b6 9. e4 Ba6 10. e5 Bxd3 11. cxd3 Nfd7 12. d4 Be7 13. Qd3 a6 14. Rac1 b5 15. b3 h6 16. Ne2 Qb6 17. h4 Nc6 18. Ng3 Rfc8 19. Nh5 Nb4 20. Qd2 Bf8 21. g4 Rxc1 22. Rxc1 Qb7 23. g5 g6 24. Nf6+ Nxf6 25. gxf6 h5 26. Bh6 Qb8 27.
Bxf8 Qxf8 28. a3 a5 29. axb4 axb4 30. Rc7 Ra3 31. Ng5 Rxb3 32. Rxf7 Qc8 33. Rg7+ Kf8 34. Nh7+ Ke8 35. f7+ 1-0

[Event "Late-Titled-Tuesday-Blitz-August-29-2023"]
[Site "Chess.com"]
[Date "2023.08.29"]
[Round "5"]
[White "CheckBits"]
[Black "KejJaj"]
[Result "1-0"]
[WhiteElo "2396"]
[BlackElo "2209"]
[TimeControl "180+1"]
[EndTime "14:52:49 PDT"]
[Termination "CheckBits won by resignation"]

1. e4 c5 2. Nf3 d6 3. c3 Nf6 4. Bd3 Bg4 5. h3 Bh5 6. O-O Nc6 7. Re1 e6 8. Bf1 Be7 9. d4 cxd4 10. cxd4 Bxf3 11. gxf3 O-O 12. Nc3 Qa5 13. f4 e5 14.
fxe5 dxe5 15. d5 Nd4 16. Be3 Bc5 17. a3 Qd8 18. Na4 Qd6 19. Nxc5 Qxc5 20. Rc1 Qb6 21. b4 Rac8 22. Bg2 h6 23. Qd2 Ne8 24. Rxc8 Nb3 25. Bxb6 1-0

[Event "Late-Titled-Tuesday-Blitz-August-29-2023"]
[Site "Chess.com"]
[Date "2023.08.29"]
[Round "5"]
[White "HamedWafa4"]
[Black "ashookk"]
[Result "1-0"]
[WhiteElo "2561"]
[BlackElo "2353"]
[TimeControl "180+1"]
[EndTime "14:52:52 PDT"]
[Termination "HamedWafa4 won by resignation"]

1. e4 e6 2. d4 d5 3. e5 c5 4. c3 Nc6 5. Nf3 Qb6 6. Be2 cxd4 7. cxd4 Nh6 8. Bxh6 Qxb2 9. O-O Qxa1 10. Qb3 gxh6 11.
Nc3 Qxf1+ 12. Bxf1 Be7 13. Nb5 O-O 14. Qe3 Kg7 15.
Nd6 f6 16. Bd3 fxe5 17. dxe5 Bd7 18. h4 Be8 19. Nxe8+ Raxe8 20. Bb1 Rf7 21. Nh2 Bxh4 22. g3 Bg5 23. f4 Bd8 24. Ng4 Bb6 25. Kg2 h5 26.
Qd3 hxg4 27. Qxh7+ Kf8 28. Qh6+ Ke7 29. Bg6 Ref8 30.
Qg5+ Kd7 31. Bxf7 Rxf7 32. Qxg4 Nd4 33. Qg8 Re7 34. Qb8 Kc6 35. Qd6+ 1-0

[Event "Late-Titled-Tuesday-Blitz-August-29-2023"]
[Site "Chess.com"]
[Date "2023.08.29"]
[Round "5"]
[White "campochess"]
[Black "Nick12772"]
[Result "1-0"]
[WhiteElo "2206"]
[BlackElo "2346"]
[TimeControl "180+1"]
[EndTime "14:52:56 PDT"]
[Termination "campochess won by resignation"]

1. Nc3 Nf6 2. e4 e5 3. f4 d5 4. exd5 exf4 5. Nf3 Nxd5 6. Bc4 Nxc3 7. bxc3 Bd6 8. d4 O-O 9. O-O Nc6 10. a4 Bg4 11. Qd3 Bh5 12. Ba3 Bxa3 13. Rxa3 Qe7 14. Raa1 Qe3+ 15.
Qxe3 fxe3 16. Rae1 Rae8 17. Bd5 Nd8 18. Ne5 c6 19. Bc4 e2 20. Rf2 Re7 21. g4 Bg6 22.
Rfxe2 Rfe8 23. h4 Ne6 24. h5 Nf4 25. hxg6 Nxe2+ 26. Rxe2 hxg6 27. Rf2 Rxe5 28. Bxf7+ Kf8 29. dxe5 Rxe5 30. Bxg6+ Kg8 31. Rd2 Kf8 32. Rd7 1-0

[Event "Late-Titled-Tuesday-Blitz-August-29-2023"]
[Site "Chess.com"]
[Date "2023.08.29"]
[Round "5"]
[White "powermove"]
[Black "hsd2016"]
[Result "1-0"]
[WhiteElo "2067"]
[BlackElo "2252"]
[TimeControl "180+1"]
[EndTime "14:52:58 PDT"]
[Termination "powermove won on time"]

1. e4 e5 2. Nf3 Nc6 3. Nc3 Nf6 4. a3 a6 5. d4 exd4 6. Nxd4 Bc5 7. Nf5 O-O 8. Bd3 d5 9. exd5 Nxd5 10. O-O Nxc3 11. bxc3 Qf6 12. Qf3 Ne5 13. Nh6+ Qxh6 14. Qe4 1-0

[Event "Late-Titled-Tuesday-Blitz-August-29-2023"]
[Site "Chess.com"]
[Date "2023.08.29"]
[Round "5"]
[White "DawidCzerw"]
[Black "jinxy2009"]
[Result "1-0"]
[WhiteElo "2478"]
[BlackElo "2337"]
[TimeControl "180+1"]
[EndTime "14:53:03 PDT"]
[Termination "DawidCzerw won by checkmate"]

1. e4 c5 2. Nf3 Nc6 3. d4 cxd4 4. Nxd4 Nf6 5. Nc3 e5 6. Ndb5 d6 7. Nd5 Nxd5 8. exd5 Nb8 9. Qf3 a6 10. Qa3 Be7 11. Bg5 f6 12. Bd2 axb5 13. Qxa8 Qc7 14. Bxb5+ Kf7 15. O-O Na6 16. Bxa6 bxa6 17. Qc6 Qxc6 18.
dxc6 Bf5 19. c4 Rc8 20. Rfc1 Rxc6 21. b4 Rb6 22. a4 Ke6 23. a5 Rb8 24. b5 axb5 25.
cxb5 Rxb5 26. a6 Rb8 27. Rc7 Be4 28. a7 Ra8 29. Ra6 f5 30. Rb6 g6 31. Rb8 Bd8 32. Rxa8 Bxc7 33. Re8+ Kd7 34. a8=Q Bxa8 35. Rxa8 Ke6 36.
Kf1 h5 37. Ke2 Kf6 38. h4 Bb6 39. Be3 Bc5 40. Bxc5 dxc5 41. Ra6+ Kf7 42. Kd3 Kg7 43. Kc4 e4 44. Rc6 Kh6 45. g3 Kh7 46. Kxc5 Kh6 47.
Kd4 Kh7 48. Ke3 Kh6 49. Kf4 Kh7 50. Kg5 Kg7 51. Rc7+ Kg8 52. Kxg6 Kf8 53. Kf6 Ke8 54. Kxf5 Kd8 55. Rh7 Kc8 56. Kxe4 Kd8 57. Kf4 Ke8 58. Kg5 Kf8 59. Ra7 Ke8 60. Kxh5 Kd8 61. Kg5 Ke8 62.
h5 Kd8 63. h6 Ke8 64. h7 Kd8 65. h8=Q# 1-0

[Event "Late-Titled-Tuesday-Blitz-August-29-2023"]
[Site "Chess.com"]
[Date "2023.08.29"]
[Round "5"]
[White "lefonghua"]
[Black "Oleksandr_Bortnyk"]
[Result "0-1"]
[WhiteElo "2644"]
[BlackElo "3034"]
[TimeControl "180+1"]
[EndTime "14:53:04 PDT"]
[Termination "Oleksandr_Bortnyk won by resignation"]

1. d4 d6 2. e4 Nf6 3. f3 g6 4. c4 Bg7 5. Nc3 Nfd7 6. Be3 c5 7.
Nge2 Nc6 8. d5 Nce5 9. Ng3 Qa5 10. Qd2 Nb6 11. Nb5 Qxd2+ 12. Bxd2 O-O 13. Rc1 a6 14. Na3 f5 15. exf5 gxf5 16. Be2 e6 17. dxe6 Bxe6 18. O-O Rae8 19. Nh5 Bh8 20. Nf4 Bf7 21.
Rfe1 Nc6 22. Bc3 Nd4 23. b3 Be5 24. Bd2 Bxf4 0-1

[Event "Late-Titled-Tuesday-Blitz-August-29-2023"]
[Site "Chess.com"]
[Date "2023.08.29"]
[Round "5"]
[White "HalfIsCrayfish"]
[Black "Schwindle"]
[Result "0-1"]
[WhiteElo "2526"]
[BlackElo "2417"]
[TimeControl "180+1"]
[EndTime "14:53:05 PDT"]
[Termination "Schwindle won by resignation"]

1. d4 Nf6 2. c4 e6 3. Nf3 Bb4+ 4. Bd2 Qe7 5. g3 Nc6 6. Bg2 Bxd2+ 7. Qxd2 Ne4 8. Qc2 Qb4+ 9. Nbd2 Nxd2 10. Qxd2 Qxc4 11. O-O O-O 12. Rfc1 Qa6 13. e4 d5 14. exd5 exd5 15. Ng5 Bf5 16. Bxd5 Rad8 17. Bxc6 bxc6 18. Qc3 h6 19.
Nf3 Be4 20. Ne5 Rfe8 21. Nxc6 Bxc6 22. Qxc6 Re1+ 23. Kg2 Qxc6+ 24. Rxc6 Rxa1 25. Rxc7 Rxa2 0-1

[Event "Late-Titled-Tuesday-Blitz-August-29-2023"]
[Site "Chess.com"]
[Date "2023.08.29"]
[Round "5"]
[White "Walter_White_Poland"]
[Black "Mili_Brizzi"]
[Result "1-0"]
[WhiteElo "2355"]
[BlackElo "2019"]
[TimeControl "180+1"]
[EndTime "14:53:05 PDT"]
[Termination "Walter_White_Poland won by resignation"]

1. e4 c6 2. d4 d5 3. f3 dxe4 4. fxe4 e5 5. Nf3 Bg4 6. c3 Nf6 7. Bd3 Nbd7 8. O-O Bd6 9. Bg5 Qc7 10. Qc2 O-O 11. Nbd2 b5 12. a4 a6 13. Rae1 Rfe8 14. Nh4 h6 15. Bxf6 Nxf6 16. h3 Bh5 17. g4 Bg6 18.
Nf5 Bxf5 19. Rxf5 exd4 20. cxd4 Bh2+ 21. Kh1 Qg3 22. Nf3 Qxh3 23. Qxh2 Qxg4 24. Rg1 1-0

[Event "Late-Titled-Tuesday-Blitz-August-29-2023"]
[Site "Chess.com"]
[Date "2023.08.29"]
[Round "5"]
[White "S-Fazulyanov"]
[Black "Training_Day"]
[Result "1/2-1/2"]
[WhiteElo "2627"]
[BlackElo "2490"]
[TimeControl "180+1"]
[EndTime "14:53:09 PDT"]
[Termination "Game drawn by repetition"]

1. e4 e5 2. Nf3 Nc6 3. Nc3 Nf6 4. a4 Bb4 5. Bd3 O-O 6. O-O Re8 7.
Nd5 Bf8 8. c3 d6 9. Bc2 Be6 10.
Nxf6+ Qxf6 11. d4 Bg4 12. d5 Ne7 13. c4 Ng6 14. Ra3 Nh4 15. Kh1 Nxf3 16. gxf3 Bh5 17. Rg1 h6 18. b4 Kh8 19. Rg3 Be7 20. Qd3 Qh4 21. Kg2 Qf6 22. Rh3 Qg6+ 23. Rg3 Qf6 24. Rh3 Qg6+ 25. Rg3 Qf6 1/2-1/2

[Event "Late-Titled-Tuesday-Blitz-August-29-2023"]
[Site "Chess.com"]
[Date "2023.08.29"]
[Round "5"]
[White "bazar-wokzal"]
[Black "guillembaches"]
[Result "1/2-1/2"]
[WhiteElo "2567"]
[BlackElo "2451"]
[TimeControl "180+1"]
[EndTime "14:53:13 PDT"]
[Termination "Game drawn by agreement"]

1. e4 c5 2. c3 e5 3. Nf3 Nc6 4. Bc4 Nf6 5. Ng5 d5 6. exd5 Nxd5 7. d4 Na5 8. Bb5+ Bd7 9. Qa4 Nc6 10. O-O Be7 11. Qc4 Bxg5 12. Qxd5 Bxc1 13. Bxc6 Bxb2 14. Qxe5+ Qe7 15. Bxd7+ Kxd7 16. Qf5+ Qe6 17. Qxc5 Bxa1 18. Nd2 Rhc8 19. Qb5+ Qc6 20. Qf5+ Qe6 21. Qb5+ Qc6 22. Qf5+ Qe6 1/2-1/2

[Event "Late-Titled-Tuesday-Blitz-August-29-2023"]
[Site "Chess.com"]
[Date "2023.08.29"]
[Round "5"]
[White "ariosp"]
[Black "jcmesafischer"]
[Result "0-1"]
[WhiteElo "2235"]
[BlackElo "2455"]
[TimeControl "180+1"]
[EndTime "14:53:13 PDT"]
[Termination "jcmesafischer won by resignation"]

1. e4 c5 2. Nf3 d6 3. d4 cxd4 4.
Nxd4 Nf6 5. Nc3 a6 6. Bg5 e6 7. f4 Be7 8. Qf3 Qc7 9. O-O-O Nbd7 10. g4 b5 11. Bxf6 Nxf6 12. g5 Nd7 13. f5 O-O 14. Rg1 b4 15. f6 bxc3 16. fxe7 cxb2+ 17.
Kb1 Re8 18. h4 Ne5 19. Qe2 Rb8 20. h5 Rb4 21. Nf3 Nc4 22. Rd3 Qa5 23. g6 Na3+ 24.
Rxa3 Qxa3 25. gxf7+ Kxf7 26. Ng5+ Kxe7 27. Nxh7 Qxa2+ 0-1

[Event "Late-Titled-Tuesday-Blitz-August-29-2023"]
[Site "Chess.com"]
[Date "2023.08.29"]
[Round "5"]
[White "Berardino"]
[Black "frederiksvane"]
[Result "0-1"]
[WhiteElo "2680"]
[BlackElo "2941"]
[TimeControl "180+1"]
[EndTime "14:53:14 PDT"]
[Termination "frederiksvane won by resignation"]

1. d4 Nf6 2. c4 g6 3. Nc3 Bg7 4. e4 d6 5. f3 O-O 6. Bg5 Nbd7 7. Qd2 a6 8. Nh3 c6 9. Nf2 b5 10. a3 Bb7 11. Bd3 e5 12. d5 Nc5 13. Rd1 cxd5 14.
Nxd5 Bxd5 15. cxd5 Nb3 16. Qe3 Qa5+ 17. Kf1 Nd4 18. g3 b4 19. Kg2 bxa3 20. Ra1 a2 21.
b4 Qxb4 22. Rxa2 a5 23. Rb1 Qc5 24. Rc1 Qb6 25. Rb1 Qc7 26. Rc1 Qd7 27. Rca1 a4 28. Nd1 Rfc8 29. Ra3 Nc2 30. Bxc2 Rxc2+ 31. Nf2 h6 32.
Bxf6 Bxf6 33. Qxh6 Bd8 34. Qe3 Rb8 35. Qd3 Rbb2 0-1